 Dungeon Crawl Stone Soup version 0.19-a0-1891-ge1d1fe8 (webtiles) character file.

183 Minion the Chopper (level 5, -1/47 HPs)
             Began as a Minotaur Fighter on Oct 18, 2016.
             Slain by a sky beast (6 damage)
             ... on level 4 of the Dungeon.
             The game lasted 00:03:59 (2271 turns).

Minion the Chopper (Minotaur Fighter)               Turns: 2271, Time: 00:04:00

Health: -1/47      AC:  7    Str: 21    XL:     5   Next: 35%
Magic:  4/4        EV: 10    Int:  5    God:
Gold:   232        SH:  0    Dex: 10    Spells: 0 memorised, 4 levels left

rFire  . . .     SeeInvis .     a - +0 war axe
rCold  . . .     Gourm    .     b - +0 scale mail
rNeg   . . .     Faith    .     (no shield)
rPois  .         Spirit   .     (helmet restricted)
rElec  .         Reflect  .     (no cloak)
rCorr  .         Harm     .     (no gloves)
MR     .....                    (no boots)
Stlth  ..........               (no amulet)
                                (no ring)
                                (no ring)

@: no status effects
A: retaliatory headbutt, horns 2
a: no special abilities


You were on level 4 of the Dungeon.
You were not hungry.

You visited 1 branch of the dungeon, and saw 4 of its levels.

You collected 232 gold pieces.

Inventory:

Hand Weapons
 a - a +0 war axe (weapon)
Armour
 b - a +0 scale mail (worn)
Scrolls
 e - 3 scrolls of identify {unknown}
 h - 2 scrolls of remove curse {unknown}
 l - a scroll of teleportation {unknown}
 o - a scroll of random uselessness {unknown}
 p - a scroll of amnesia {unknown}
 r - a scroll of noise {unknown}
Potions
 c - a potion of flight {unknown}
 d - a potion of might
 i - a potion of haste {unknown}
 j - 2 potions of degeneration {unknown}
 k - 2 potions of heal wounds {unknown}
 n - 2 potions of brilliance {unknown}
 q - a potion of curing {unknown}
 t - a potion of lignification {unknown}
 u - a potion of agility {unknown}
Comestibles
 f - 2 bread rations
 g - 4 beef jerkies
 m - a fruit
 s - a meat ration


   Skills:
 + Level 4.6 Fighting
 * Level 4.7 Axes
 + Level 4.4 Armour
 + Level 2.2 Dodging
   Level 3.6 Shields


You had 4 spell levels left.
You didn't know any spells.

Dungeon Overview and Level Annotations

Branches:
Dungeon (4/15)
 Temple: D:4-7

Altars:
Ru


Innate Abilities, Weirdness & Mutations

You reflexively headbutt those who attack you in melee.
You have a pair of horns on your head.


Message History

You closely miss the sky beast. The sky beast hits you.
The sky beast shocks you.
You barely miss the sky beast. The sky beast hits you.
The sky beast shocks you.
You slash the sky beast! Your headbutt misses the sky beast.
The sky beast is moderately wounded.
The sky beast flickers out of sight!
Deactivating autopickup; reactivate with Ctrl-A.
Something hits you. Something shocks you.
* * * LOW HITPOINT WARNING * * *
Something hits you but does no damage.
You barely miss something. Something hits you.
* * * LOW HITPOINT WARNING * * *
Something shocks you.
* * * LOW HITPOINT WARNING * * *
You miss something. Something hits you but does no damage.
You miss something. Something hits you.
* * * LOW HITPOINT WARNING * * *
Something shocks you.
You die...

#....## #.##..###
....##...## .....
###..###########
#.... ##.##........#
#... #.##........#
#.. #.##........#
....#####...........#
......{@............#
##.....#####........#
#...>. #........#
#..... #........#
###### #....(...#
##########


There were no monsters in sight!

Vanquished Creatures
  Jessica (D:2)
  A worker ant (D:4)
  Robin (D:3)
  3 adders
  2 worms
  4 dart slugs (D:1)
  3 leopard geckos
  A ball python (D:1)
  4 giant cockroaches
  14 goblins
  4 hobgoblins
  5 jackals (D:2)
  3 quokkas
  12 bats
  6 frilled lizards
  10 kobolds
  3 rats
77 creatures vanquished.

Notes
Turn   | Place    | Note
-------+----------+-------------------------------------------
     0 | D:1      | Minion the Minotaur Fighter began the quest for the Orb.
     0 | D:1      | Reached XP level 1. HP: 19/19 MP: 0/0
   173 | D:1      | Reached XP level 2. HP: 27/27 MP: 1/1
   299 | D:1      | Reached skill level 1 in Dodging
   501 | D:1      | Reached XP level 3. HP: 32/33 MP: 2/2
   974 | D:2      | Reached XP level 4. HP: 40/40 MP: 3/3
  1102 | D:2      | Noticed Jessica
  1107 | D:2      | Killed Jessica
  1759 | D:3      | Noticed Robin
  1770 | D:3      | Killed Robin
  1770 | D:3      | Reached XP level 5. HP: 25/47 MP: 4/4
  1949 | D:3      | Found a sacrificial altar of Ru.
  2262 | D:4      | Noticed a sky beast
  2271 | D:4      | Slain by a sky beast

Vault maps used:
D:1:      dpeg_arrival_rooms_b, minmay_tromino_v4_b
D:2:      uniq_jessica
D:3:      nicolae_ru_the_path_less_chosen, minmay_misc_feat_x, uniq_robin
D:4:      kennysheep_slug_shrine, nemelex_xobeh_ov_fountains_minmay,
          uniq_blork_the_orc, uniq_duvessa

Skill      XL: |  1  2  3  4 |
---------------+-------------+-----
Dodging        | 1 2 |  2.2
Axes           | 3 4 |  4.7
Fighting       | 4 |  4.6
Armour         | 4 |  4.4
Shields        | |  3.6

Action                   |  1- 3 |  4- 6 || total
-------------------------+-------+-------++-------
Melee: War axe           |    74 |    67 ||   141
       Headbutt          |     7 |     6 ||    13
  Eat: Chunk             |       |     4 ||     4
Armor: Scale mail        |    31 |    43 ||    74
Dodge: Dodged            |    53 |    43 ||    96
